| TOP OF THE 1ST |
|
Oneonta Indians batting - Pitching for Jamestown Falcons : LHP Ray Hayward
|
|
Pitching: LHP Ray Hayward
|
|
|
Batting: LHB Steve Swinney
|
0-0: Called Strike 0-1: Ball 1-1: SINGLE (Line Drive, 34D, EV 104.4 MPH)
|
|
Batting: RHB William Luzinski
|
0-0: Ball 1-0: Ball 2-0: Ball 3-0: Base on Balls Steve Swinney to second
|
|
Batting: LHB Lenny Nay
|
0-0: Swinging Strike 0-1: Ball 1-1: Called Strike 1-2: Ball 2-2: Foul Ball, location: 2F 2-2: Ball 3-2: Base on Balls Steve Swinney to third William Luzinski to second
|
|
Batting: LHB Frank Martinez
|
0-0: Called Strike 0-1: Foul Ball, location: 2F 0-2: Foul Ball, location: 2F 0-2: Ball 1-2: Foul Ball, location: 2F 1-2: Ball 2-2: Fly out, F8 (Flyball, 8RD, EV 94.4 MPH) Runner from 3rd tags up, OUT at HOME! 8-2 William Luzinski to third Lenny Nay to second
|
|
Batting: RHB Marcos Rodriguez
|
0-0: Ball 1-0: Foul Ball, location: 2F 1-1: Ball 2-1: Swinging Strike 2-2: Strikes out swinging
|
| Top of the 1st over - 0 runs, 1 hit, 0 errors, 2 left on base; Oneonta 0 - Jamestown 0 |
| BOTTOM OF THE 1ST |
|
Jamestown Falcons batting - Pitching for Oneonta Indians : LHP Paul Gibson
|
|
Pitching: LHP Paul Gibson
|
|
|
Batting: RHB Nelson Rood
|
0-0: Ball 1-0: Called Strike 1-1: Foul Ball, location: 2F 1-2: Ball 2-2: Fly out, F9 (Line Drive, 9, EV 106.3 MPH)
|
|
Batting: RHB Dave Myers
|
0-0: Fly out, F4 (Line Drive, 4, EV 68.8 MPH)
|
|
Batting: LHB Jack Howell
|
0-0: Called Strike 0-1: Foul Ball, location: 2F 0-2: Ball 1-2: Strikes out swinging
|
| Bottom of the 1st over - 0 runs, 0 hits, 0 errors, 0 left on base; Oneonta 0 - Jamestown 0 |
| TOP OF THE 2ND |
|
Oneonta Indians batting - Pitching for Jamestown Falcons : LHP Ray Hayward
|
|
Batting: LHB Harry Jones
|
0-0: Ball 1-0: Called Strike 1-1: Ball 2-1: Ball 3-1: Swinging Strike 3-2: Fly out, F8 (Line Drive, 8LM, EV 90.6 MPH)
|
|
Batting: RHB Richard James
|
0-0: Called Strike 0-1: Ball 1-1: Called Strike 1-2: Strikes out swinging
|
|
Batting: RHB Keith Flenoir
|
0-0: Foul Ball, location: 2F 0-1: Called Strike 0-2: Strikes out swinging
|
| Top of the 2nd over - 0 runs, 0 hits, 0 errors, 0 left on base; Oneonta 0 - Jamestown 0 |
| BOTTOM OF THE 2ND |
|
Jamestown Falcons batting - Pitching for Oneonta Indians : LHP Paul Gibson
|
|
Batting: RHB Glen Stacheit
|
0-0: Ball 1-0: Called Strike 1-1: Ball 2-1: Ground out 6-3 (Groundball, 6, EV 110.6 MPH)
|
|
Batting: RHB William Freidhof
|
0-0: Ball 1-0: Foul Ball, location: 2F 1-1: Called Strike 1-2: SINGLE (Groundball, 56D, EV 98.8 MPH)
|
|
Batting: RHB Ronald Arnold
|
0-0: Called Strike 0-1: Ball 1-1: Ball 2-1: Ground out U3 (Groundball, 3, EV 90.6 MPH) William Freidhof to second
|
|
Batting: RHB Roberto Gutierrez
|
0-0: Called Strike 0-1: Foul Ball, location: 2F 0-2: Ball 1-2: Strikes out swinging
|
| Bottom of the 2nd over - 0 runs, 1 hit, 0 errors, 1 left on base; Oneonta 0 - Jamestown 0 |
| TOP OF THE 3RD |
|
Oneonta Indians batting - Pitching for Jamestown Falcons : LHP Ray Hayward
|
|
Batting: RHB Alberto Zappala
|
0-0: Called Strike 0-1: Bunt missed! 0-2: Ball 1-2: Ball 2-2: Ball 3-2: Base on Balls
|
|
Batting: LHB Steve Swinney
|
0-0: Swinging Strike 0-1: Swinging Strike 0-2: Ball 1-2: Strikes out looking
|
|
Batting: RHB William Luzinski
|
0-0: Swinging Strike 0-1: Foul Ball, location: 2F 0-2: Ball 1-2: Ball 2-2: Fly out, F4 (Popup, 4MD, EV 48.8 MPH)
|
|
Batting: LHB Lenny Nay
|
0-0: Ball 1-0: Ball 2-0: Ball 3-0: Called Strike 3-1: Foul Ball, location: 2F 3-2: Foul Ball, location: 2F 3-2: Base on Balls Alberto Zappala to second
|
|
Batting: LHB Frank Martinez
|
0-0: Foul Ball, location: 2F 0-1: Ball 1-1: Reached on error, E6 (Groundball, 6, EV 80.6 MPH) Alberto Zappala to third Lenny Nay to second
|
|
Batting: RHB Marcos Rodriguez
|
0-0: Ball 1-0: Fly out, F9 (Flyball, 89S, EV 93.1 MPH)
|
| Top of the 3rd over - 0 runs, 0 hits, 1 error, 3 left on base; Oneonta 0 - Jamestown 0 |
| BOTTOM OF THE 3RD |
|
Jamestown Falcons batting - Pitching for Oneonta Indians : LHP Paul Gibson
|
|
Batting: RHB Herman Cunningham
|
0-0: Called Strike 0-1: Ball 1-1: Ground out U3 (Groundball, 34S, EV 78.1 MPH)
|
|
Batting: RHB Joe Oliver
|
0-0: Ball 1-0: Ground out 4-3 (Groundball, 4S, EV 69.4 MPH)
|
|
Batting: RHB Nelson Rood
|
0-0: Ground out 2-3 (Groundball, 13S, EV 67.5 MPH)
|
| Bottom of the 3rd over - 0 runs, 0 hits, 0 errors, 0 left on base; Oneonta 0 - Jamestown 0 |
| TOP OF THE 4TH |
|
Oneonta Indians batting - Pitching for Jamestown Falcons : LHP Ray Hayward
|
|
Batting: LHB Harry Jones
|
0-0: Ball 1-0: Ball 2-0: Ball 3-0: Called Strike 3-1: Fly out, F9 (Flyball, 9S, EV 81.9 MPH)
|
|
Batting: RHB Richard James
|
0-0: Called Strike 0-1: Fly out, F9 (Flyball, 9D, EV 106.9 MPH)
|
|
Batting: RHB Keith Flenoir
|
0-0: Ball 1-0: Ball 2-0: Called Strike 2-1: Ball 3-1: Called Strike 3-2: Strikes out swinging
|
| Top of the 4th over - 0 runs, 0 hits, 0 errors, 0 left on base; Oneonta 0 - Jamestown 0 |
| BOTTOM OF THE 4TH |
|
Jamestown Falcons batting - Pitching for Oneonta Indians : LHP Paul Gibson
|
|
Batting: RHB Dave Myers
|
0-0: Called Strike 0-1: Ball 1-1: DOUBLE (Flyball, 89D, EV 105.6 MPH)
|
|
Batting: LHB Jack Howell
|
0-0: Called Strike 0-1: Ball 1-1: Ball 2-1: Foul Ball, location: 2F 2-2: Strikes out swinging
|
|
Batting: RHB Glen Stacheit
|
0-0: Ball 1-0: Ball 2-0: Ball 3-0: Called Strike 3-1: Base on Balls
|
|
Batting: RHB William Freidhof
|
0-0: Fly out, F9 (Flyball, 9LS, EV 93.1 MPH)
|
|
Batting: RHB Ronald Arnold
|
0-0: Fly out, F8 (Flyball, 8RD, EV 102.5 MPH)
|
| Bottom of the 4th over - 0 runs, 1 hit, 0 errors, 2 left on base; Oneonta 0 - Jamestown 0 |
| TOP OF THE 5TH |
|
Oneonta Indians batting - Pitching for Jamestown Falcons : LHP Ray Hayward
|
|
Batting: RHB Alberto Zappala
|
0-0: Called Strike 0-1: Called Strike 0-2: Strikes out swinging
|
|
Pitching: RHP Jose Ortiz
|
|
|
Batting: LHB Steve Swinney
|
0-0: Called Strike 0-1: Ball 1-1: SOLO HOME RUN (Flyball, 9LD, EV 105.6 MPH), Distance : 371 ft
|
|
Batting: RHB William Luzinski
|
0-0: Swinging Strike 0-1: Ball 1-1: Foul Ball, location: 2F 1-2: Ball 2-2: Strikes out swinging
|
|
Batting: LHB Lenny Nay
|
0-0: Called Strike 0-1: Foul Ball, location: 2F 0-2: Ball 1-2: Strikes out swinging
|
| Top of the 5th over - 1 run, 1 hit, 0 errors, 0 left on base; Oneonta 1 - Jamestown 0 |
| BOTTOM OF THE 5TH |
|
Jamestown Falcons batting - Pitching for Oneonta Indians : LHP Paul Gibson
|
|
Batting: RHB Roberto Gutierrez
|
0-0: Ball 1-0: Ball 2-0: Ball 3-0: Called Strike 3-1: Called Strike 3-2: Strikes out swinging
|
|
Batting: RHB Herman Cunningham
|
0-0: Ball 1-0: Foul Ball, location: 2F 1-1: Ball 2-1: Foul Ball, location: 2F 2-2: Strikes out swinging
|
|
Batting: RHB Joe Oliver
|
0-0: Ball 1-0: Ball 2-0: Foul Ball, location: 2F 2-1: Foul Ball, location: 2F 2-2: Strikes out looking
|
| Bottom of the 5th over - 0 runs, 0 hits, 0 errors, 0 left on base; Oneonta 1 - Jamestown 0 |
| TOP OF THE 6TH |
|
Oneonta Indians batting - Pitching for Jamestown Falcons : RHP Jose Ortiz
|
|
Batting: LHB Frank Martinez
|
0-0: Ball 1-0: Ground out 4-3 (Groundball, 4, EV 108.8 MPH)
|
|
Batting: RHB Marcos Rodriguez
|
0-0: Ball 1-0: Called Strike 1-1: Swinging Strike 1-2: Strikes out swinging
|
|
Batting: LHB Harry Jones
|
0-0: Ball 1-0: Called Strike 1-1: Ground out U3 (Groundball, 34S, EV 87.5 MPH)
|
| Top of the 6th over - 0 runs, 0 hits, 0 errors, 0 left on base; Oneonta 1 - Jamestown 0 |
| BOTTOM OF THE 6TH |
|
Jamestown Falcons batting - Pitching for Oneonta Indians : LHP Paul Gibson
|
|
Batting: RHB Nelson Rood
|
0-0: Ball 1-0: Ball 2-0: SINGLE (Line Drive, 78S, EV 88.8 MPH)
|
|
Batting: RHB Dave Myers
|
0-0: Sac Bunt to 2R - play at first, batter OUT! 2-3 Nelson Rood to second
|
|
Batting: LHB Jack Howell
|
0-0: Called Strike 0-1: Ball 1-1: Ball 2-1: Foul Ball, location: 2F 2-2: Ball 3-2: Ground out 6-3 (Groundball, 6, EV 85.0 MPH) Nelson Rood to third
|
|
Batting: RHB Glen Stacheit
|
0-0: Ball 1-0: Ball 2-0: Foul Ball, location: 2F 2-1: Foul Ball, location: 2F 2-2: Ball 3-2: Base on Balls
|
|
Batting: RHB William Freidhof
|
0-0: Called Strike 0-1: Ball 1-1: Ground out U3 (Groundball, 34S, EV 80.0 MPH)
|
| Bottom of the 6th over - 0 runs, 1 hit, 0 errors, 2 left on base; Oneonta 1 - Jamestown 0 |
| TOP OF THE 7TH |
|
Oneonta Indians batting - Pitching for Jamestown Falcons : RHP Jose Ortiz
|
|
Batting: RHB Richard James
|
0-0: Ball 1-0: SINGLE (Groundball, 4D, EV 101.9 MPH)
|
|
Batting: RHB Keith Flenoir
|
0-0: Ball 1-0: Bunted foul 1-1: Ball 2-1: Sac Bunt to 25 - play at first, batter safe! Richard James to second
|
|
Batting: RHB Alberto Zappala
|
0-0: Swinging Strike 0-1: Ball 1-1: Foul Ball, location: 2F 1-2: Strikes out swinging
|
|
Batting: LHB Steve Swinney
|
0-0: Called Strike 0-1: Foul Ball, location: 2F 0-2: Strikes out swinging
|
|
Batting: RHB William Luzinski
|
0-0: Ball 1-0: Foul Ball, location: 2F 1-1: Ball 2-1: SINGLE (Flyball, 4MD, EV 90.6 MPH) Richard James to third Keith Flenoir to second Runner from 3rd tries for Home, SAFE, throw by CF to home
|
|
Batting: LHB Lenny Nay
|
0-0: Foul Ball, location: 2F 0-1: Ball 1-1: Ball 2-1: Swinging Strike 2-2: Foul Ball, location: 2F 2-2: Foul Ball, location: 2F 2-2: Strikes out swinging
|
| Top of the 7th over - 1 run, 3 hits, 0 errors, 2 left on base; Oneonta 2 - Jamestown 0 |
| BOTTOM OF THE 7TH |
|
Jamestown Falcons batting - Pitching for Oneonta Indians : LHP Paul Gibson
|
|
Batting: RHB Ronald Arnold
|
0-0: Fly out, F9 (Flyball, 9, EV 76.9 MPH)
|
|
Batting: RHB Roberto Gutierrez
|
0-0: Called Strike 0-1: Foul Ball, location: 2F 0-2: Strikes out swinging
|
|
Batting: RHB Herman Cunningham
|
0-0: Ball 1-0: Swinging Strike 1-1: Fly out, F2 (Popup, 3SF, EV 85.6 MPH)
|
| Bottom of the 7th over - 0 runs, 0 hits, 0 errors, 0 left on base; Oneonta 2 - Jamestown 0 |
| TOP OF THE 8TH |
|
Oneonta Indians batting - Pitching for Jamestown Falcons : RHP Jose Ortiz
|
|
Batting: LHB Frank Martinez
|
0-0: Ball 1-0: Ball 2-0: Ball 3-0: Ground out 6-3 (Groundball, 6, EV 107.5 MPH)
|
|
Batting: RHB Marcos Rodriguez
|
0-0: Ball 1-0: Called Strike 1-1: Ball 2-1: Ball 3-1: SINGLE (Flyball, 4D, EV 95.0 MPH)
|
|
Batting: LHB Harry Jones
|
0-0: Called Strike 0-1: Ball 1-1: Ball 2-1: Swinging Strike 2-2: Foul Ball, location: 2F 2-2: Strikes out swinging
|
|
Pitching: LHP Terrence Jackson
|
|
|
Batting: RHB Richard James
|
0-0: Called Strike 0-1: Called Strike 0-2: Ball 1-2: Ball 2-2: Ball 3-2: Foul Ball, location: 2F 3-2: Foul Ball, location: 2F 3-2: Foul Ball, location: 2F 3-2: Strikes out swinging
|
| Top of the 8th over - 0 runs, 1 hit, 0 errors, 1 left on base; Oneonta 2 - Jamestown 0 |
| BOTTOM OF THE 8TH |
|
Jamestown Falcons batting - Pitching for Oneonta Indians : LHP Paul Gibson
|
|
Batting: RHB Joe Oliver
|
0-0: Ball 1-0: Ball 2-0: Foul Ball, location: 2F 2-1: Ground out U3 (Groundball, 3L, EV 106.3 MPH)
|
|
Batting: RHB Nelson Rood
|
0-0: Called Strike 0-1: TRIPLE (Groundball, 3L, EV 100.0 MPH)
|
|
Batting: RHB Dave Myers
|
0-0: SINGLE (Line Drive, 8LS, EV 89.4 MPH) Nelson Rood scores
|
|
Batting: LHB Jack Howell
|
0-0: Foul Ball, location: 2F 0-1: Called Strike 0-2: SINGLE (Flyball, 8LS, EV 92.5 MPH) Dave Myers to second Runner from 2nd tries for 3rd, SAFE, no throw by CF
|
|
Batting: RHB Glen Stacheit
|
0-0: Foul Ball, location: 2F 0-1: Ball 1-1: Ball 2-1: Ground out 5-3 (Groundball, 5, EV 105.0 MPH) Jack Howell to second
|
|
Batting: RHB William Freidhof
|
0-0: Swinging Strike 0-1: Ground out 5-3 (Groundball, 56, EV 103.1 MPH)
|
| Bottom of the 8th over - 1 run, 3 hits, 0 errors, 2 left on base; Oneonta 2 - Jamestown 1 |
| TOP OF THE 9TH |
|
Oneonta Indians batting - Pitching for Jamestown Falcons : LHP Terrence Jackson
|
|
Batting: RHB Keith Flenoir
|
0-0: Called Strike 0-1: Ball 1-1: Ball 2-1: Ball 3-1: SINGLE (Line Drive, 56D, EV 105.0 MPH)
|
|
Batting: RHB Alberto Zappala
|
0-0: Called Strike 0-1: Called Strike 0-2: Ball 1-2: Strikes out swinging
|
|
Batting: LHB Steve Swinney
|
0-0: Ball 1-0: Ball 2-0: Ball 3-0: Called Strike 3-1: Base on Balls Keith Flenoir to second
|
|
Batting: RHB William Luzinski
|
0-0: Ball 1-0: Swinging Strike 1-1: Foul Ball, location: 2F 1-2: Strikes out swinging
|
|
Batting: LHB Lenny Nay
|
0-0: Called Strike 0-1: Ball 1-1: Foul Ball, location: 2F 1-2: Ball 2-2: Strikes out looking
|
| Top of the 9th over - 0 runs, 1 hit, 0 errors, 2 left on base; Oneonta 2 - Jamestown 1 |
| BOTTOM OF THE 9TH |
|
Jamestown Falcons batting - Pitching for Oneonta Indians : LHP Paul Gibson
|
|
Pitching: LHP Mike Dalton
|
|
|
Now at 1B: Kirk Richmond
|
|
|
Batting: RHB Ronald Arnold
|
0-0: Ball 1-0: SINGLE (Groundball, 56D, EV 102.5 MPH)
|
|
Batting: RHB Roberto Gutierrez
|
0-0: Ball 1-0: Ball 2-0: Sac Bunt to 13 - play at first, batter OUT! 1-3 Ronald Arnold to second
|
|
Batting: RHB Herman Cunningham
|
0-0: Ball 1-0: Foul Ball, location: 2F 1-1: Called Strike 1-2: Ball 2-2: Strikes out swinging
|
|
Pinch Hitting: RHB Gregory Devone
|
0-0: Ball 1-0: Called Strike 1-1: Ball 2-1: Ball 3-1: Foul Ball, location: 2F 3-2: Strikes out swinging
|
| Bottom of the 9th over - 0 runs, 1 hit, 0 errors, 1 left on base; Oneonta 2 - Jamestown 1 |
|